 Dungeon Crawl Stone Soup version 0.29.1-13-g9f3cf754e1 (webtiles) character file.

Game seed: 6640092604870653166

1 croobank the Sneak (level 1, -3/16 HPs)
             Began as an Octopode Delver on Feb 8, 2023.
             Slain by an iguana (14 damage)
             ... on level 5 of the Dungeon.
             The game lasted 00:00:46 (87 turns).

croobank the Sneak (Octopode Delver)                  Turns: 87, Time: 00:00:47

Health: -3/16      AC:  1    Str: 11    XL:     1   Next: 20%
Magic:  1/1        EV: 13    Int: 12    God:
Gold:   8          SH:  0    Dex: 13    Spells: 0/0 levels left

rFire   . . .      SeeInvis .   a - +0 hand axe
rCold   . . .      Faith    .   (no shield)
rNeg    . . .      Spirit   .   (helmet restricted)
rPois   .          Reflect  .   (no amulet)
rElec   .          Harm     .   (no ring)
rCorr   .          Rampage  .   (no ring)
Will    .....                   (no ring)
Stlth   ++++......              (no ring)
HPRegen 0.05/turn               (no ring)
MPRegen 0.07/turn               (no ring)
                                (no ring)
                                (no ring)

@: no status effects
A: almost no armour, amphibious, 8 rings, camouflage 1, gelatinous body 1,
(nimble swimmer 1), tentacles
a: no special abilities


You were on level 5 of the Dungeon.
You visited 1 branch of the dungeon, and saw 2 of its levels.

You collected 8 gold pieces.

Inventory:

Hand Weapons
 a - a +0 hand axe (weapon)
Wands
 f - a wand of digging (2)
Scrolls
 b - a scroll of fog
 d - a scroll of fear
Potions
 e - a potion of haste


   Skills:
 + Level 3.0 Fighting
 + Level 2.0 Axes
 + Level 2.0 Dodging
 + Level 6.6 Stealth


You couldn't memorise any spells.
You didn't know any spells.
Your spell library was empty.

Dungeon Overview and Level Annotations

Branches:
Dungeon (6/15)             Temple (0/1) D:5

Altars:


Innate Abilities, Weirdness & Mutations

You cannot wear most types of armour.
You are amphibious.
You can wear up to eight rings at the same time.
Your skin changes colour to match your surroundings (Stealth+).
Your rubbery body absorbs attacks. (AC +1, EV +1)
((You are camouflaged when in or above water. (Stealth+)))
You have tentacles for arms and can constrict up to eight enemies at once.


Message History

Found a stone staircase leading down.
Found a ring mail.
Found a staircase to the Ecumenical Temple.
A howler monkey comes into view.
Found a scroll labelled WOOHAD GOCIAW.
An iguana comes into view.
The iguana moves out of view.
Unknown command.
You swing at nothing.
There is a stone staircase leading down here.
You climb downwards.
Found 12 gold pieces.
There is a stone staircase leading up here.
You climb upwards.
There is a stone staircase leading down here.
A quokka comes into view.
The helpless quokka fails to defend itself.
You slash the quokka!
You kill the quokka!
Found 8 gold pieces.
You now have 8 gold pieces.
An ice beast comes into view.
As you read the scroll of magic mapping, it crumbles to dust.
You feel aware of your surroundings.
You sensed 4 altars.
Unknown command.
Aiming: Dig
Press: ? - help, Shift-Dir - straight line A rock wall.
The rock shatters into small pieces.
You hear an angry hiss.
Found a stone staircase leading up.
A jelly comes into view.
An adder comes into view.
The iguana bites you.
The adder hisses angrily.
There is a stone staircase leading up here.
The jelly quivers.
The iguana bites you!
Ouch! That really hurt!
You die...

#.#####.### *,,,,,,,
#.........# ****,***
#..####.#.####### *,,,,
#..####.#.......# *****
#.......#######.# *
##.####.# #.#########
####.# ##.#######......##..
#....# #.......##......##.#
#Y#### #..@....##.####.##.#
#,*,** #..lS...##.####.##..
*,,*,**#J......##.#...>...#
*,***,*#.......##.#.##.##..
**,*,**#.......##......##..
**,** #.......##......##..
*,* #######.##.#.##.....
*,*****l..##.##.#.####..#
*,*,,,,...........# #[..


You could see an iguana, a jelly and an adder.

Vanquished Creatures
  A quokka (D:5)
1 creature vanquished.

Notes
Turn   | Place    | Note
-------+----------+-------------------------------------------
     0 | D:5      | croobank the Octopode Delver began the quest for the Orb.
     0 | D:5      | Reached XP level 1. HP: 16/16 MP: 1/1
     7 | D:5      | Found a staircase to the Ecumenical Temple.
     9 | D:5      | Noticed a howler monkey
    22 | D:5      | Noticed an iguana
    34 | D:6      | Noticed a wight
    34 | D:6      | Noticed a wight
    34 | D:6      | Noticed a wight
    34 | D:6      | Noticed a wight
    72 | D:5      | Noticed an ice beast
    83 | D:5      | Noticed a jelly
    87 | D:5      | Slain by an iguana

Illustrated notes

Levels and vault maps discovered:
D:5:      layout_loops_cross, chequers_temple_overflow_statue_of_worship,
          minmay_temple_entry_ruins, hex_tiny, uniq_blork_the_orc
D:6:      layout_rooms

Action                   || total
-------------------------++-------
Melee: Hand axe          ||     1
Evoke: Wand              ||     1
  Use: Scroll            ||     1
 Stab: Sleeping          ||     1
